 Dungeon Crawl Stone Soup version 0.16.1-30-g34a7ffa (webtiles) character file.

92195 thet the Tortoise (level 15, -1/124 HPs)
             Began as a Demonspawn Fighter on June 14, 2015.
             Was the Champion of Yredelemnul.
             Slain by a merfolk impaler
             ... wielding a +6 trident of distortion
              (12 damage)
             ... on level 5 of the Shoals.
             The game lasted 02:28:44 (30070 turns).

thet the Tortoise (Demonspawn Fighter)             Turns: 30070, Time: 02:28:46

Health: -1/124     AC: 43    Str: 17    XL:     15   Next: 57%
Magic:  15/15      EV:  2    Int:  9    God:    Yredelemnul [******]
Gold:   1599       SH: 13    Dex: 19    Spells: 0 memorised, 14 levels left

rFire  + . .     SeeInvis .     z - +6 demon trident (elec)
rCold  . . .     Clarity  .     I - +4 crystal plate armour
rNeg   . . .     SustAb   .     S - +2 shield {rF+}
rPois  .         Gourm    .     (no helmet)
rElec  .         Spirit   .     r - +1 cloak {+Inv}
rCorr  +         Warding  .     F - +2 pair of gloves
rMut   .         Stasis   .     (boots unavailable)
MR     ++...                    y - amulet of resist corrosion
Stlth  ..........               Z - +3 ring of protection
                                B - ring of protection from magic

@: mesmerised, very resistant to hostile enchantments, extremely unstealthy
A: talons 3, iridescent scales 2, demonic guardian 1, nightstalker 1
a: Animate Dead, Recall Undead Slaves, Injury Mirror, Drain Life, Enslave Soul,
Renounce Religion, Evoke Invisibility


You were on level 5 of the Shoals.
You worshipped Yredelemnul.
Yredelemnul was exalted by your worship.
You were near starving.

You visited 3 branches of the dungeon, and saw 23 of its levels.
You also visited: Labyrinth and Bailey.

You collected 1779 gold pieces.
You spent 180 gold pieces at shops.

Inventory:

Hand weapons
 z - a +6 demon trident of electrocution (weapon)
 E - the +9 spear of the New World {pierce, rElec Str+3 Dex+3}
   (You found it on level 4 of the Dungeon)

   It inflicts extra damage upon your enemies.
   It affects your strength (+3).
   It affects your dexterity (+3).
   It insulates you from electricity.
Armour
 r - a +1 cloak of invisibility (worn)
 F - a +2 pair of gloves (worn)
 I - a +4 crystal plate armour (worn)
 S - a +2 shield of fire resistance (worn)
Jewellery
 a - an uncursed ring of see invisible
 b - an uncursed amulet of rage
 e - an uncursed ring of teleport control
 m - an uncursed ring of teleportation
 v - an uncursed ring of magical power
 y - an amulet of resist corrosion (around neck)
 A - an uncursed amulet of stasis
 B - a ring of protection from magic (left hand)
 K - an uncursed ring of wizardry
 L - an uncursed amulet of the gourmand
 M - an uncursed ring of fire
 W - an uncursed amulet of guardian spirit
 Z - a +3 ring of protection (right hand)
Magical devices
 p - a wand of slowing (13)
 w - a wand of confusion (26)
 P - a wand of draining (4)
 Q - a wand of paralysis (8)
 R - a wand of teleportation (6)
 T - a wand of disintegration (24)
 V - a wand of enslavement (11)
Scrolls
 d - a scroll of summoning
 i - 4 scrolls of identify
 j - 7 scrolls of fear
 l - 3 scrolls of recharging
 n - 5 scrolls of remove curse
 t - 3 scrolls of magic mapping
 u - 3 scrolls of enchant armour
 G - a scroll of acquirement
 H - 6 scrolls of fog
 N - 5 scrolls of teleportation
Potions
 c - a potion of decay {unknown}
 f - 4 potions of haste
 h - 9 potions of curing
 o - 2 potions of cure mutation
 q - 2 potions of cancellation
 s - 6 potions of resistance
 x - a potion of agility
 C - 3 potions of brilliance
 J - 3 potions of restore abilities
 O - 3 potions of magic
 X - 3 potions of flight
Books
 D - a book of Callings

   Spells                             Type                      Level
   a - Summon Small Mammal            Summoning                    1
   b - Call Imp                       Summoning                    2
   c - Call Canine Familiar           Summoning                    3
   d - Summon Guardian Golem          Hexes/Summoning              4
   e - Summon Lightning Spire         Summoning/Air                4
   f - Summon Ice Beast               Ice/Summoning                4
Comestibles
 g - 10 meat rations
 U - 8 bread rations
 Y - 18 royal jellies


   Skills:
 + Level 13.6 Fighting
   Level 1.8 Maces & Flails
 * Level 13.7 Polearms
 + Level 15.8 Armour
 - Level 8.4 Shields


You had 14 spell levels left.
You didn't know any spells.

Dungeon Overview and Level Annotations

Branches:
Dungeon (10/15)            Temple (0/1) D:7            Lair (8/8) D:8
 Shoals (5/5) Lair:5        Snake (0/5) Lair:5        Slime (0/6) Lair:7
    Orc (0/4) D:10

Altars:
Elyvilon
Fedhas
Gozag
Kikubaaqudgha
Nemelex Xobeh
Qazlal
Trog
Yredelemnul
Beogh
Jiyva

Shops:
D:5 ?   D:8 =

Annotations:
Shoals:5 Ilsuiw


Innate Abilities, Weirdness & Mutations

You have claws for feet.
You are mostly covered in iridescent scales (AC +6).
A weak demonic guardian rushes to your aid.
You are slightly more attuned to the shadows.


Message History

The merfolk impaler hits you but does no damage.
Space warps horribly around you! You block the merfolk impaler's attack.
The merfolk impaler hits you but does no damage.
Space warps horribly around you!
* * * LOW HITPOINT WARNING * * *
A siren comes into view. It is wielding a great mace.
The merfolk impaler hits you but does no damage.
Space warps horribly around you!
* * * LOW HITPOINT WARNING * * *
The merfolk impaler hits you but does no damage.
Drink which item? (? for menu, Esc to quit)
You feel better.
You are near starving!
You block the merfolk impaler's attack.
The siren chants a haunting song.
You are mesmerised by the siren!
You block the merfolk impaler's attack.
The merfolk impaler hits you from afar with a trident of distortion!
You die...
Your body rises from the dead as a mindless zombie.

...≈≈≈≈≈≈≈≈≈.# .≈≈≈≈≈≈...≈
....≈≈≈≈.≈m≈≈≈≈≈≈≈≈≈≈≈..≈#
(...≈≈≈≈≈≈≈≈≈≈≈≈≈≈≈≈≈≈≈.#≈≈
..5..≈≈.≈≈≈≈≈≈≈≈≈≈≈m≈≈≈.≈≈≈
##...≈≈≈.≈≈≈≈.≈≈≈≈≈≈≈≈≈≈#≈≈≈
.##.m..###.≈≈<≈≈≈≈≈)≈≈≈≈≈#≈
. #...####...≈≈≈m≈≈≈≈≈≈≈≈≈#
. #....##.)(<≈≈≈≈≈≈≈≈≈≈≈≈≈≈
. #..........≈5≈@≈m≈≈≈≈≈≈≈≈
#............≈≈≈≈≈≈≈≈≈≈≈
#.≈≈≈≈.?...###.≈≈.≈≈≈≈≈≈≈
≈≈≈≈≈≈≈≈≈..##..≈≈≈≈≈≈≈≈≈
≈≈≈≈≈≈≈≈≈≈.....≈≈≈≈≈≈≈≈
≈≈≈≈≈≈≈≈≈....≈≈≈≈≈≈≈
≈≈≈≈≈≈≈≈≈≈≈≈≈≈≈≈≈ ≈≈≈≈≈≈≈..
≈≈≈ ≈..≈.


You could see 2 merfolk impalers, a siren and a friendly ufetubus.

Vanquished Creatures
  Mara (Shoals:3)
  2 krakens
  A stone giant (Shoals:1)
  A dire elephant (Lair:8)
  2 merfolk javelineers
  4 merfolk impalers
  A minotaur (Lab)
  Fannar (Lair:3)
  A hydra (Lair:8)
  A catoblepas (Lair:8)
  2 merfolk avatars
  Erica (Lair:3)
  2 satyrs (Shoals:4)
  3 merfolk aquamancers
  A deep troll shaman (Lair:8)
  A centaur warrior (Shoals:1)
  8 death yaks
  A fire crab (Lair:8)
  8 sea snakes
  A wizard (D:9)
  Pikel (D:5)
  The ghost of thet the Fighter, an experienced DsGl of Yredelemnul (D:6)
  2 orc knights (Bailey)
  2 hill giants (D:10)
  7 harpies
  6 manticores
  5 griffons
  6 fauns
  3 cyclopes
  The ghost of Rogan the Chucker, an experienced HEHu (D:7)
  4 water nymphs
  6 ugly things
  4 spiny frogs
  5 black mambas
  Sigmund (D:5)
  4 elephants
  7 sirens
  13 komodo dragons
  5 fire drakes
  11 merfolk
  2 wind drakes
  4 trolls
  A polar bear (Lair:8)
  A queen bee (Lair:5)
  4 shadows
  6 snapping turtles
  A two-headed ogre (D:8)
  2 wandering mushrooms (Lab)
  A flying skull (Lair:5)
  A deep elf mage (D:9)
  5 wyverns
  4 yaks
  7 water elementals
  3 wraiths
  A steam dragon (D:10)
  A hippogriff (Lair:4)
  A mottled dragon (D:9)
  7 water moccasins
  A hungry ghost (D:10)
  Edmund (D:8)
  A naga (Lair:5)
  6 porcupines
  A soldier ant (D:10)
  9 wolves
  A sky beast (D:8)
  9 orc warriors
  A slave (D:5)
  An eye of draining (D:9)
  2 ogres
  3 ice beasts
  2 black bears
  2 phantoms
  2 boring beetles
  7 crocodiles
  7 centaurs
  Duvessa (D:5)
  6 giant frogs
  A water moccasin skeleton (D:10)
  21 killer bees
  6 scorpions
  6 electric eels
  3 vampire bats (Lair:4)
  5 wights
  3 jellies
  2 crimson imps
  Dowan (D:5)
  2 giant frog zombies
  A goliath beetle (D:6)
  11 orc priests
  10 hounds
  2 wasp zombies (D:10)
  A centaur skeleton (D:5)
  12 worker ants
  2 giant frog skeletons
  Natasha (D:4)
  4 iguanas
  5 orc wizards
  8 hell rats (Lair:1)
  28 sheep
  A killer bee zombie (D:9)
  A worker ant zombie (D:3)
  25 adders
  6 gnolls (D:9)
  35 river rats
  5 shadow imps
  A giant mite (D:4)
  8 worms
  An adder zombie (D:6)
  5 orc zombies (D:6)
  An adder skeleton (D:9)
  2 giant geckos
  An ooze (D:1)
  50 orcs
  A ball python (D:3)
  A bat skeleton (D:3)
  A bat zombie (D:3)
  9 giant cockroaches
  16 goblins
  17 hobgoblins
  10 jackals
  13 kobolds
  10 quokkas
  15 bats
  A giant gecko skeleton (D:6)
  2 giant gecko zombies
  5 giant newts
  A giant spore (D:10)
  A jackal skeleton (D:3)
  A quokka zombie (D:3)
  33 rats
  4 ballistomycetes (D:10)
  11 tentacles
681 creatures vanquished.

Vanquished Creatures (collateral kills)
  Kirke (Shoals:3)
  2 merfolk impalers (Shoals:4)
  4 hydras
  2 death yaks (Lair:8)
  Nergalle (Lair:2)
  2 sea snakes
  An oklob plant (Lair:6)
  3 harpies
  7 cyclopes
  A manticore (Shoals:4)
  2 ugly things
  8 fauns
  3 elephants (Lair:7)
  A siren (Shoals:1)
  3 spiny frogs
  A black mamba (Lair:7)
  A fire drake (Lair:2)
  2 komodo dragons
  10 merfolk
  2 polar bears
  A wind drake (Shoals:3)
  A basilisk (Lair:2)
  4 water elementals
  2 snapping turtles
  8 yaks
  A hog (Shoals:3)
  A wolf (Lair:8)
  A naga (Lair:5)
  2 hippogriffs
  2 porcupines
  6 water moccasins
  4 ice beasts (Lair:3)
  3 centaurs
  2 crocodiles
  3 giant frogs (Lair:3)
  A big kobold (D:9)
  8 killer bees (Lair:5)
  2 electric eels
  2 hounds
  An iguana (D:9)
  A gnoll shaman (D:9)
  8 sheep
  A gnoll (D:9)
  28 river rats
  An orc (D:10)
  A bat (Lair:4)
  2 quokkas (Lair:2)
  5 rats (Lair:1)
  2 spectral orcs (Lair:2)
  10 plants
  2 tentacles (Shoals:3)
173 creatures vanquished.

Vanquished Creatures (others)
  A ghoul (Shoals:5)
  4 phantasmal warriors
  4 drowned souls
  7 flying skulls
  3 vampires
  4 wraiths
  2 slaves (D:5)
  The ghost of aliceinspace the Conjurer, an average FeCj (D:5)
  A killer bee (Lair:5)
  3 wights
  28 crimson imps
  25 quasits
  A hound (D:8)
  29 iron imps
  A sheep (Lair:7)
  2 adders
  26 white imps
  24 ufetubi
  A hobgoblin (D:5)
  A jackal (D:8)
  A giant newt (D:5)
  A rat (D:5)
  5 butterflies (D:9)
  7 fungi
  8 plants
  54 tentacles
  5650 tentacle segments
5894 creatures vanquished.

Grand Total: 6748 creatures vanquished

Notes
Turn   | Place    | Note
--------------------------------------------------------------
     0 | D:1      | thet, the Demonspawn Fighter, began the quest for the Orb.
     0 | D:1      | Reached XP level 1. HP: 18/18 MP: 1/1
    49 | D:1      | Gained mutation: You have sharp toenails. [demonic ancestry]
    49 | D:1      | Reached XP level 2. HP: 5/24 MP: 2/2
   606 | D:1      | Gained mutation: You are slightly more attuned to the shadows. [demonic ancestry]
   606 | D:1      | Reached XP level 3. HP: 19/30 MP: 3/3
   630 | D:1      | Reached skill level 4 in Fighting
   977 | D:2      | Reached XP level 4. HP: 31/38 MP: 4/4
  1458 | D:2      | Reached skill level 5 in Fighting
  1684 | D:3      | Reached XP level 5. HP: 33/45 MP: 5/5
  1937 | D:3      | Reached skill level 6 in Fighting
  2069 | D:3      | Found a white marble altar of Elyvilon.
  2260 | D:4      | Found a blossoming altar of Fedhas.
  2324 | D:4      | Found an ancient bone altar of Kikubaaqudgha.
  2390 | D:4      | Gained mutation: You are partially covered in iridescent scales (AC +4). [demonic ancestry]
  2390 | D:4      | Reached XP level 6. HP: 31/53 MP: 6/6
  2662 | D:4      | Noticed a phantom
  2697 | D:4      | Reached skill level 7 in Fighting
  2747 | D:4      | Killed a phantom
  3122 | D:4      | Noticed Natasha
  3134 | D:4      | Killed Natasha
  3532 | D:4      | Got a faintly glowing spear
  3533 | D:4      | Identified the +9 spear of the New World {pierce, rElec Str+3 Dex+3} (You found it on level 4 of the Dungeon)
  3671 | D:4      | Gained mutation: You have razor-sharp toenails. [demonic ancestry]
  3671 | D:4      | Reached XP level 7. HP: 61/61 MP: 7/7
  3900 | D:5      | Entered Level 5 of the Dungeon
  3903 | D:5      | Noticed Pikel
  3910 | D:5      | Reached skill level 8 in Fighting
  3916 | D:5      | Noticed aliceinspace's ghost (average FeCj)
  3921 | D:5      | Killed Pikel
  3921 | D:5      | Reached skill level 9 in Fighting
  3921 | D:5      | Reached XP level 8. HP: 66/71 MP: 8/8
  3928 | D:5      | Killed aliceinspace's ghost
  3949 | D:5      | Noticed Dowan
  3950 | D:5      | Noticed Duvessa
  3982 | D:5      | Killed Duvessa
  3984 | D:5      | Found Ytumiabu's Magic Scroll Shoppe.
  3998 | D:5      | Killed Dowan
  4006 | D:5      | Reached skill level 10 in Fighting
  4018 | D:5      | Bought a scroll of enchant armour for 90 gold pieces
  4018 | D:5      | Bought a scroll of enchant armour for 90 gold pieces
  4059 | D:5      | Noticed Sigmund
  4068 | D:5      | Killed Sigmund
  4136 | D:5      | Reached skill level 5 in Polearms
  4242 | D:5      | Found a stormy altar of Qazlal.
  4418 | D:6      | Gained mutation: A weak demonic guardian rushes to your aid. [demonic ancestry]
  4418 | D:6      | Reached XP level 9. HP: 68/78 MP: 9/9
  4452 | D:6      | Noticed thet's ghost (experienced DsGl)
  4938 | D:6      | Killed thet's ghost
  5097 | D:6      | Found a basalt altar of Yredelemnul.
  5113 | D:6      | Became a worshipper of Yredelemnul the Dark
  5609 | D:7      | Found a sparkling altar of Nemelex Xobeh.
  5613 | D:7      | Noticed an angel
  5622 | D:7      | Found a staircase to the Ecumenical Temple.
  5631 | D:7      | Noticed Rogan's ghost (experienced HEHu)
  5658 | D:7      | Killed Rogan's ghost
  5658 | D:7      | Reached skill level 5 in Armour
  5921 | D:7      | Noticed a rust devil
  6562 | D:8      | Acquired Yredelemnul's first power
  6594 | D:8      | Gained mutation: You are mostly covered in iridescent scales (AC +6). [demonic ancestry]
  6594 | D:8      | Reached XP level 10. HP: 44/85 MP: 10/10
  6596 | D:8      | Found a staircase to the Lair.
  6705 | D:8      | Found Psuwei's Jewellery Emporium.
  6726 | D:8      | Found a bloodstained altar of Trog.
  6786 | D:8      | Found a flagged portal.
  6796 | Bailey   | Entered a bailey
  6968 | Bailey   | Noticed an orc knight
  7002 | Bailey   | Killed an orc knight
  7100 | Bailey   | Got a transparent steam dragon armour
  7115 | Bailey   | Identified the +2 steam dragon armour of Protective Custody {rElec rF+ Str-5 Dex-2 Stlth+} (You found it in a bailey)
  7129 | Bailey   | Noticed an orc knight
  7140 | Bailey   | Killed an orc knight
  7140 | Bailey   | Acquired Yredelemnul's second power
  7621 | D:8      | Noticed Edmund
  7630 | D:8      | Killed Edmund
  8039 | D:8      | Reached skill level 5 in Shields
  8779 | D:9      | Noticed a wizard
  8788 | D:9      | Killed a wizard
  8788 | D:9      | Gained mutation: You have claws for feet. [demonic ancestry]
  8788 | D:9      | Reached XP level 11. HP: 76/90 MP: 11/11
  8836 | D:9      | Acquired Yredelemnul's third power
  9524 | D:10     | Entered Level 10 of the Dungeon
  9560 | D:10     | Found a staircase to the Orcish Mines.
  9862 | D:10     | Noticed a hill giant
  9872 | D:10     | Killed a hill giant
  9941 | D:10     | Noticed a hill giant
  9952 | D:10     | Killed a hill giant
 10282 | D:10     | Found a roughly hewn altar of Beogh.
 10286 | D:10     | Acquired Yredelemnul's fourth power
 10938 | Lair:1   | Entered Level 1 of the Lair of Beasts
 10952 | Lair:1   | Found a labyrinth entrance.
 10977 | Lab      | Entered a labyrinth
 11150 | Lab      | Reached skill level 11 in Fighting
 11150 | Lab      | Reached skill level 10 in Armour
 11186 | Lab      | Noticed a minotaur
 11202 | Lab      | Killed a minotaur
 11214 | Lab      | Identified the Guide on Bewitching Arcane Weapons
 11806 | Lair:1   | Reached XP level 12. HP: 96/100 MP: 12/12
 11909 | Lair:1   | Received a gift from Yredelemnul
 12288 | Lair:1   | Acquired Yredelemnul's fifth power
 12737 | Lair:2   | Noticed Nergalle
 12752 | Lair:2   | Killed Nergalle
 12756 | Lair:2   | Received a gift from Yredelemnul
 12966 | Lair:2   | Noticed a five-headed hydra
 12971 | Lair:2   | Killed a five-headed hydra
 13246 | Lair:2   | Noticed a four-headed hydra
 13251 | Lair:2   | Killed a four-headed hydra
 13251 | Lair:2   | Reached skill level 12 in Fighting
 13925 | Lair:3   | Noticed Erica
 13937 | Lair:3   | Killed Erica
 13937 | Lair:3   | Received a gift from Yredelemnul
 14054 | Lair:3   | Noticed Fannar
 14086 | Lair:3   | Killed Fannar
 15519 | Lair:5   | Got a warped scale mail
 15520 | Lair:5   | Identified the -2 scale mail of the Flute {Int-2 Dex+6 Slay+3} (You found it on level 5 of the Lair of Beasts)
 15856 | Lair:5   | Found a white marble altar of Elyvilon.
 15884 | Lair:5   | Found a staircase to the Shoals.
 15923 | Lair:5   | Received a gift from Yredelemnul
 15956 | Lair:5   | Received a gift from Yredelemnul
 16381 | Lair:5   | Identified a scroll of acquirement
 16382 | Lair:5   | Got a twisted plate armour
 16393 | Lair:5   | Identified the +1 plate armour of Liberty {rPois Str+2 Slay-4} (You acquired it on level 5 of the Lair of Beasts)
 16693 | Lair:5   | Found a staircase to the Snake Pit.
 16702 | Lair:5   | Received a gift from Yredelemnul
 16909 | Lair:5   | Noticed a six-headed hydra
 16914 | Lair:5   | Killed a six-headed hydra
 17010 | Lair:6   | Got a slimy war axe
 17013 | Lair:6   | Identified the +3 war axe of Ycofauc {chop, rElec rF- MP+9 Int+2} (You found it on level 6 of the Lair of Beasts)
 17448 | Lair:6   | Found an opulent altar of Gozag.
 17460 | Lair:6   | Received a gift from Yredelemnul
 17463 | Lair:6   | Reached XP level 13. HP: 105/109 MP: 13/13
 17713 | Lair:7   | Received a gift from Yredelemnul
 17772 | Lair:7   | Reached skill level 13 in Armour
 18453 | Lair:7   | Found a viscous altar of Jiyva.
 18454 | Lair:7   | Found a staircase to the Slime Pits.
 18548 | Lair:7   | Received a gift from Yredelemnul
 18713 | Lair:8   | Entered Level 8 of the Lair of Beasts
 20010 | Lair:7   | Reached skill level 14 in Armour
 20198 | Lair:7   | Received a gift from Yredelemnul
 20399 | Lair:8   | Noticed a dire elephant
 20438 | Lair:8   | Killed a dire elephant
 20466 | Lair:8   | Identified Twoir's Guide on Flying Venom
 20728 | Lair:8   | Received a gift from Yredelemnul
 20927 | Shoals:1 | Entered Level 1 of the Shoals
 20976 | Shoals:1 | Received a gift from Yredelemnul
 21047 | Shoals:1 | Noticed a stone giant
 21418 | Shoals:1 | Noticed a kraken
 21442 | Shoals:1 | Reached XP level 14. HP: 40/118 MP: 14/14
 21746 | Lair:5   | Received a gift from Yredelemnul
 22635 | Shoals:1 | Killed a stone giant
 23670 | Shoals:1 | Reached skill level 15 in Armour
 23928 | Shoals:1 | Reached skill level 10 in Polearms
 23953 | Shoals:1 | HP: 5/118 [poisoned by a merfolk impaler]
 23959 | Shoals:1 | HP: 4/118 [poisoned by a merfolk impaler]
 23965 | Shoals:1 | HP: 4/118 [poisoned by a merfolk impaler]
 23972 | Shoals:1 | HP: 4/118 [poisoned by a merfolk impaler]
 24660 | Shoals:2 | Received a gift from Yredelemnul
 25655 | Shoals:1 | Killed a kraken
 26072 | Shoals:3 | Received a gift from Yredelemnul
 26371 | Shoals:3 | Noticed Mara
 26974 | Shoals:3 | Noticed thet's illusion
 27020 | Shoals:3 | Killed Mara
 27287 | Shoals:3 | Noticed a kraken
 27319 | Shoals:3 | Killed a kraken
 27319 | Shoals:3 | Received a gift from Yredelemnul
 27564 | Shoals:3 | Noticed Kirke
 27581 | Shoals:3 | Killed Kirke
 27628 | Shoals:3 | Reached XP level 15. HP: 105/124 MP: 15/15
 28259 | Shoals:4 | Received a gift from Yredelemnul
 29182 | Shoals:5 | Entered Level 5 of the Shoals
 30054 | Shoals:5 | Noticed Ilsuiw
 30069 | Shoals:5 | HP: 3/124 [merfolk impaler/trident of distortion (21)]
 30070 | Shoals:5 | Slain by a merfolk impaler

Action                   |  1- 3 |  4- 6 |  7- 9 | 10-12 | 13-15 || total
-------------------------+-------+-------+-------+-------+-------++-------
Melee: Flail             |   159 |   341 |       |       |       ||   500
       Spear             |       |     4 |   377 |  1178 |  1163 ||  2722
       Demon trident     |       |       |       |       |   325 ||   325
       Unarmed           |       |       |       |       |     1 ||     1
Evoke: Wand              |       |       |       |     1 |       ||     1
  Use: Scroll            |       |       |     4 |    29 |    14 ||    47
       Potion            |       |       |       |     7 |    11 ||    18
 Stab: Distracted        |       |       |     1 |     7 |    23 ||    31
  Eat: Chunk             |     1 |     9 |     9 |    30 |    29 ||    78
       Fruit             |       |       |       |     6 |       ||     6
       Pizza             |       |       |       |       |     5 ||     5
       Beef jerky        |       |       |       |       |     3 ||     3
